 Dungeon Crawl Stone Soup version 0.29.1-2-gbd0b4ee654 (webtiles) character file.

Game seed: 7590031195293533627

3018 warriortoast the Geomancer (level 9, -1/51 HPs)
             Began as a Gargoyle Earth Elementalist on Nov 1, 2022.
             Was an Initiate of Ashenzari.
             Slain by an orc warrior
             ... wielding a +0 mace
              (4 damage)
             ... on level 7 of the Dungeon.
             The game lasted 00:34:17 (8155 turns).

warriortoast the Geomancer (GrEE)                   Turns: 8155, Time: 00:34:17

Health: -1/51      AC: 12    Str: 23    XL:     9   Next: 85%
Magic:  20/20      EV: 11    Int: 15    God:    Ashenzari [......]
Gold:   415        SH:  0    Dex: 10    Spells: 15/23 levels left

rFire   + . .      SeeInvis .   f - +7 hand axe "Camy" {spect, rElec}
rCold   + . .      Faith    .   (no shield)
rNeg    + . .      Spirit   .   s - +2 robe {Will+}
rPois   ∞          Reflect  .   r - +0 helmet
rElec   +          Harm     .   q - scarf {rC+ rF+}
rCorr   .          Rampage  .   d - +0 pair of gloves
Will    +....                   (no boots)
Stlth   ++........              (no amulet)
HPRegen 0.17/turn               w - +6 ring of strength
MPRegen 0.17/turn               (no ring)

@: invisible
A: sickness immunity, AC +6, negative energy resistance 1, electricity
resistance, torment resistance 1, petrification resistance
a: Renounce Religion


You were on level 7 of the Dungeon.
You worshipped Ashenzari.
Ashenzari was noncommittal.
You visited 2 branches of the dungeon, and saw 8 of its levels.

You collected 415 gold pieces.

Inventory:

Hand Weapons
 f - the +7 hand axe "Camy" (weapon) {spect, rElec}
   (You took it off an orc on level 4 of the Dungeon)

   When its wielder attacks, the weapon's spirit leaps out and strikes again.
   The spirit shares a part of any damage it takes with its wielder.
   rElec:     It insulates you from electricity.
 n - a +4 mace
Missiles
 G - a throwing net
Armour
 a - a +0 robe
 d - a +0 pair of gloves (worn)
 i - a +0 scale mail
 k - a +2 leather armour of poison resistance
 l - a +0 buckler
 o - a +2 robe of resistance
 q - a scarf of resistance (worn)
 r - a +0 helmet (worn)
 s - a +2 robe of willpower (worn)
Magical Staves
 e - a staff of earth
Jewellery
 w - a +6 ring of strength (left hand)
Wands
 z - a wand of iceblast (10)
 J - a wand of charming (6)
Scrolls
 p - 2 scrolls of poison {unknown}
 t - a scroll of silence {unknown}
 u - a scroll of noise {unknown}
 x - 2 scrolls of amnesia {unknown}
 y - 2 scrolls of teleportation {unknown}
 A - a scroll of fog {unknown}
 B - a scroll of fear {unknown}
 D - a scroll of vulnerability {unknown}
 E - a scroll of blinking {unknown}
 F - a scroll of identify
 H - a scroll of enchant weapon {unknown}
 I - a scroll of magic mapping {unknown}
Potions
 b - 3 potions of magic
 g - 5 potions of might
 h - a potion of berserk rage {unknown}
 j - 5 potions of curing
 m - a potion of cancellation
 v - a potion of flight {unknown}
 C - a potion of haste
 K - a potion of brilliance {unknown}


   Skills:
 + Level 3.5 Fighting
 - Level 1.5 Dodging
 + Level 4.5 Stealth
 + Level 7.6 Spellcasting
 - Level 6.0 Conjurations
 - Level 4.0 Transmutations
 - Level 8.0 Earth Magic


You had 15 spell levels left.
You knew the following spells:

 Your Spells              Type           Power      Damage    Failure   Level
a - Sandblast             Erth           58%        2d13      1%          1
b - Stone Arrow           Conj/Erth      52%        3d10      2%          3
c - Passwall              Tmut/Erth      19%        N/A       1%          2
d - Wereblood             Tmut           17%        N/A       3%          2

Your spell library contained the following spells:

 Spells                   Type           Power      Damage    Failure   Level
 Sting                    Tmut/Pois      44%        1d5       5%          1
 Petrify                  Tmut/Erth      23%        N/A       11%         4
 Poisonous Vapours        Pois/Air       10%        N/A       19%         2
 Animate Armour           Summ/Erth      34%        N/A       24%         4
 Olgreb's Toxic Radiance  Pois           5%         N/A       77%         4
 Summon Hydra             Summ           2%         N/A       100%        7
 Lehudib's Crystal Spear  Conj/Erth      13%        10d4      100%        8
 Sublimation of Blood     Necr           Unusable   N/A       N/A         2

Dungeon Overview and Level Annotations

Branches:
Dungeon (7/15)             Temple (1/1) D:6

Altars:
Ashenzari
Dithmenos
Elyvilon
Fedhas
Hepliaklqana
Makhleb
Nemelex Xobeh
Okawaru
Ru
Vehumet
Wu Jian
Xom
Yredelemnul
Zin
The Shining One

Shops:
D:1 :   D:4 *


Innate Abilities, Weirdness & Mutations

You are immune to sickness and miasma.
Your stone body is resilient. (AC +6)
You are immune to poison.
You resist negative energy. (rN+)
You are resistant to electric shocks. (rElec)
You are resistant to unholy torment.
You are immune to petrification.


Message History

The orc warrior is lightly wounded.
The blast of sand hits the orc warrior but does no damage.
The orc warrior is lightly wounded.
The blast of sand hits the orc warrior but does no damage.
The orc warrior is lightly wounded.
The orc warrior closely misses you.
The orc warrior hits you but does no damage.
The blast of sand hits the orc warrior but does no damage.
The orc warrior is lightly wounded.
The orc warrior hits you with a +0 mace!
The orc warrior attacks as you move away!
The orc warrior closely misses you.
Things that are here:
a +0 dagger of venom; a +0 leather armour
Items here: ))) [[[ ††.
The orc warrior attacks as you move away!
The orc warrior hits you with a +0 mace.
The orc warrior attacks as you move away!
The orc warrior barely misses you.
The orc warrior attacks as you move away!
The orc warrior barely misses you.
The orc priest calls upon Beogh to heal the orc warrior.
The orc warrior's wounds heal themselves!
The orc priest invokes the aid of Beogh against you.
Beogh smites you!
The orc warrior attacks as you move away!
The orc warrior closely misses you.
The orc warrior attacks as you move away!
The orc warrior hits you but does no damage.
The orc warrior attacks as you move away!
The orc warrior closely misses you.
There is an open door here.
The orc warrior attacks as you move away!
The orc warrior hits you with a +0 mace!
The orc warrior attacks as you move away!
The orc warrior hits you with a +0 mace!
* * * LOW HITPOINT WARNING * * *
You fade into invisibility!
The orc warrior hits you with a +0 mace.
You die...

######.##.######.####
#o##...........# #≈
#.#########.##.## ##≈# ##'##
#.##..# #≈≈≈## ##...## #.##...
#.#≈≈≈≈# ##.....## #).....
####.#≈≈≈≈# ##.......## ##)###.#
~....#≈~≈≈###...o.....####.).##.#
≈~~~.~~~~.#.'...@.....+.......#.#
~≈~.~≈~≈≈~.##..<......####.......
~~≈~~~≈~~.####.......## ##.###.#
~≈~.~~~~~~# ##.....## #.# #.#
~~.......## ##...## #.###.#
#####.#### ##'## #.##..# #.# #.#
#.##.## #.# #.# #...... #.# ##.##
####.##


You could see an orc warrior (unable to see you) and an orc priest (unable to
see you).

Vanquished Creatures
  Grinder (D:6)
  The ghost of styxcanada the Covert, an amateur SpBr (D:4)
  Menkaure (D:4)
  Duvessa (D:6)
  2 black bears
  5 ogres
  A phantom (D:5)
  2 bullfrogs
  Blork the orc (D:6)
  2 necrophages (D:6)
  3 scorpions (D:5)
  9 wights
  Dowan (D:6)
  3 orc priests
  2 gnoll boudas (D:6)
  4 hounds
  3 jellies
  Jessica (D:3)
  Natasha (thrice) (D:3)
  An orc wizard (D:3)
  Robin (D:3)
  11 gnolls
  9 adders
  A shadow imp (D:7)
  A white imp (D:6)
  2 ufetubi (D:5)
  3 dart slugs
  19 orcs
  6 ball pythons
  6 endoplasms
  3 giant cockroaches
  15 goblins
  7 hobgoblins
  4 jackals (D:1)
  3 quokkas
  5 bats
  3 frilled lizards
  5 kobolds
  A rat (D:1)
152 creatures vanquished.

Vanquished Creatures (others)
  2 plants (D:6)
2 creatures vanquished.

Grand Total: 154 creatures vanquished

Notes
Turn   | Place    | Note
-------+----------+-------------------------------------------
     0 | D:1      | warriortoast the Gargoyle Earth Elementalist began the
                  | quest for the Orb.
     0 | D:1      | Reached XP level 1. HP: 10/10 MP: 3/3
   129 | D:1      | Reached skill level 1 in Transmutations
   178 | D:1      | Reached XP level 2. HP: 15/15 MP: 3/5
   491 | D:1      | Reached skill level 1 in Conjurations
   549 | D:1      | Reached skill level 4 in Earth Magic
   692 | D:1      | Found Oheoqaf's Book Shoppe.
  1015 | D:2      | Reached XP level 3. HP: 19/19 MP: 4/6
  1558 | D:2      | Reached XP level 4. HP: 24/24 MP: 2/7
  1947 | D:3      | Noticed Jessica
  1951 | D:3      | Killed Jessica
  2052 | D:3      | Reached XP level 5. HP: 28/28 MP: 6/9
  2089 | D:3      | Found a faded altar of an unknown god.
  2252 | D:3      | Noticed Natasha
  2267 | D:3      | Killed Natasha
  2271 | D:3      | Noticed Natasha
  2278 | D:3      | Killed Natasha
  2528 | D:3      | Noticed Natasha
  2531 | D:3      | Killed Natasha
  2642 | D:3      | Noticed Robin
  2646 | D:3      | Killed Robin
  2647 | D:3      | Reached skill level 5 in Earth Magic
  2651 | D:3      | Reached XP level 6. HP: 32/32 MP: 6/10
  2934 | D:3      | Found a faded altar of an unknown god.
  2949 | D:3      | Found a hazy altar of Hepliaklqana.
  3099 | D:4      | Learned a level 3 spell: Stone Arrow
  3102 | D:4      | Learned a level 2 spell: Passwall
  3133 | D:4      | Found a white marble altar of Elyvilon.
  3218 | D:4      | Noticed Menkaure
  3383 | D:4      | Found a radiant altar of Vehumet.
  3548 | D:4      | Noticed a black bear
  3719 | D:4      | Killed Menkaure
  3871 | D:4      | Killed a black bear
  3872 | D:4      | Reached XP level 7. HP: 36/36 MP: 5/12
  3942 | D:4      | Found a runed translucent gate.
  3943 | D:4      | Found a runed translucent gate.
  3943 | D:4      | Identified the +7 hand axe "Camy" {spect, rElec}
  3943 | D:4      | Noticed styxcanada's ghost (amateur SpBr)
  3944 | D:4      | Found a runed translucent gate.
  4049 | D:4      | Found Coseuwar's General Store.
  4104 | D:4      | Reached skill level 6 in Earth Magic
  4498 | D:4      | Killed styxcanada's ghost
  4499 | D:4      | Reached XP level 8. HP: 35/41 MP: 0/14
  4963 | D:5      | Entered Level 5 of the Dungeon
  5210 | D:4      | Reached skill level 5 in Conjurations
  5586 | D:5      | Learned a level 2 spell: Wereblood
  5623 | D:5      | Reached skill level 7 in Earth Magic
  5683 | D:5      | Reached skill level 5 in Spellcasting
  5884 | D:5      | Reached XP level 9. HP: 45/45 MP: 11/17
  5898 | D:5      | Identified the +2 robe of the Stonemason {rF+ rCorr Slay-4}
  5958 | D:5      | Reached skill level 8 in Earth Magic
  6522 | D:6      | Noticed Blork the orc
  6529 | D:6      | Killed Blork the orc
  6530 | D:6      | Reached skill level 1 in Fighting
  6754 | D:6      | Noticed Grinder
  6781 | D:6      | Killed Grinder
  6918 | D:6      | Noticed Duvessa
  6918 | D:6      | Noticed Dowan
  6945 | D:6      | Killed Duvessa
  6957 | D:6      | Killed Dowan
  7341 | D:6      | Found a staircase to the Ecumenical Temple.
  7347 | Temple   | Entered the Ecumenical Temple
  7624 | D:6      | Found a sparkling altar of Nemelex Xobeh.
  7625 | D:6      | Found a broken altar of Ashenzari.
  7630 | D:6      | Became a worshipper of Ashenzari the Shackled
  8153 | D:7      | HP: 2/51 [orc warrior/+0 mace (15)]
  8155 | D:7      | Slain by an orc warrior

Illustrated notes

Levels and vault maps discovered:
D:1:      erik_arrival_cave_to_civilisation [erik_arrival_cave_to_hall],
          layout_basic, serial_shops, nicolae_shop_advertising_works
          [nicolae_subvault_shop_adworks]
D:2:      layout_basic, minmay_between
D:3:      layout_rooms, nicolae_overflow_ecumenical_swirl,
          ebering_ecumenical_altar_petrified, serial_glass, glass_columns_a,
          glass_columns_b, glass_columns_a, glass_columns_b, item_on_display_a,
          item_on_display_b, uniq_natasha, uniq_jessica, uniq_robin
D:4:      layout_basic, mainiacjoe_overflow_cross_hatched,
          mainiacjoe_overflow_surrounded_room, serial_shops,
          nicolae_take_the_stairs, biasface_ghost_orc_armoury,
          kennysheep_potato, uniq_menkaure
D:5:      minmay_octagon_keep, layout_cave_pools, kennysheep_generic_room_13
D:6:      layout_loops_ring, gammafunk_temple_overflow_statue,
          minmay_temple_entry_overgrown, uniq_blork_the_orc, uniq_duvessa,
          uniq_grinder
D:7:      layout_loops_corners, chequers_serial_rivers_large_a
Temple:   zaba_magenta_temple

Skill      XL: |  1  2  3  4  5  6  7  8  9 |
---------------+----------------------------+-----
Transmutations | 1 2 3 4 |  4.0
Conjurations   | 1 2 3 4 6 |  6.0
Earth Magic    | 4 5 6 7 8 |  8.0
Spellcasting   | 3 4 5 7 |  7.6
Fighting       | 3 |  3.5
Stealth        | 4 |  4.5
Dodging        | |  1.5

Action                   |  1- 3 |  4- 6 |  7- 9 || total
-------------------------+-------+-------+-------++-------
Melee: Mace              |     2 |     5 |     5 ||    12
       Staff             |     1 |       |     8 ||     9
       Hand axe          |       |       |    33 ||    33
       Punch             |       |       |     2 ||     2
 Cast: Sandblast         |    40 |    68 |   171 ||   279
       Stone Arrow       |       |     2 |       ||     2
       Passwall          |       |     1 |       ||     1
       Wereblood         |       |       |     7 ||     7
  Use: Scroll            |       |       |     6 ||     6
       Potion            |       |       |     5 ||     5
 Stab: Sleeping          |     1 |       |       ||     1
Armor: Robe              |     3 |    16 |    54 ||    73
       Skin              |       |       |    17 ||    17
Dodge: Dodged            |    18 |    28 |    74 ||   120
